Map: Orbital Shipyard

Players

KiF1rE

  • Race: Protoss Protoss

CatZ - Winner!

  • Race: Zerg Zerg

Event: LycanGTV LotV Beta Tournament 1

VOD

Have the link to the VOD?

Description

Time

  • Played on: April 2, 2015, 12:46 p.m.
  • Length: 4:52

All games in this series

Show
View Real Time Build Order
Export as new Build Order

KiF1rE Protoss 

Build Orders:  

Get SALT Encoding   

  12  0:00  Probe  
  14  0:17  Pylon  
  14  0:19  Probe  
  14  0:35  Probe (Chrono Boost)  
  14  0:36  Gateway  
  15  0:46  Probe (Chrono Boost)  
  16  0:53  Probe (Chrono Boost)  
  16  0:54  Pylon  
  17  1:01  Assimilator  
  17  1:05  Probe (Chrono Boost)  
  17  1:09  Assimilator  
  18  1:14  Probe (Chrono Boost)  
  19  1:22  Probe  
  19  1:24  Cybernetics Core  
  20  1:26  Zealot  
  22  1:34  Probe (Chrono Boost)  
  23  1:44  Probe (Chrono Boost)  
  24  1:47  Pylon  
  24  1:51  Probe  
  25  2:00  Warp Gate (Chrono Boost)  
  25  2:03  Mothership Core (Chrono Boost)  
  25  2:04  Adept  
  29  2:21  Probe (Chrono Boost)  
  30  2:31  Nexus  
  30  2:38  Probe  
  30  2:42  Stalker (Chrono Boost)  
  33  2:55  Robotics Facility  
  31  3:09  Gateway  
  31  3:14  Pylon  
  29  3:30  Gateway  
  29  3:33  Gateway  
  31  3:52  Pylon  
  31  4:02  Probe x2  
  29  4:06  Robotics Facility  
  29  4:10  Pylon  
  29  4:12  Stalker  
  30  4:30  Zealot  
  32  4:32  Zealot  
  26  4:42  Zealot  
Show
View Real Time Build Order
Export as new Build Order

CatZ Zerg - Winner!

Build Orders: Pool Only 

Get SALT Encoding   

  12  0:01  Drone  
  13  0:08  Drone  
  14  0:18  Overlord  
  14  0:24  Drone, Extractor  
  14  0:39  Spawning Pool  
  14  0:42  Drone  
  14  0:45  Drone  
  14  0:49  Drone  
  16  0:55  Drone  
  17  1:06  Drone  
  18  1:17  Overlord  
  18  1:25  Queen  
  20  1:35  Metabolic Boost  
  20  1:36  Roach Warren  
  19  1:50  Drone  
  20  2:01  Extractor  
  19  2:16  Roach x3  
  26  2:30  Zergling x2  
  26  2:34  Zergling x4  
  26  2:35  Zergling x4  
  30  2:46  Overlord  
  30  3:06  Overlord  
  30  3:08  Ravager x3  
  30  3:11  Zergling x10  
  37  3:22  Zergling x2  
  38  3:34  Zergling x2  
  38  3:39  Zergling x4  
  39  3:43  Zergling x4  
  41  3:48  Zergling x2  
  42  4:02  Drone  
  36  4:12  Zergling x2  
  37  4:28  Zergling x2  
  38  4:32  Zergling x2  

Tags
 
Add a new tag
Caveats
  • Supply blocks, unpowered buildings, or Contaminate may cause inaccurate times.
  • Supply counts are checked every 10 seconds.